 Dungeon Crawl Stone Soup version 0.27.1-33-g824d729ab1 (webtiles) character file.

Game seed: 396819250776840443

72 zeram the Sneak (level 4, 0/29 HPs)
             Began as an Octopode Brigand on Dec 12, 2021.
             Slain by an orc warrior (20 damage)
             ... on level 3 of the Dungeon.
             The game lasted 00:03:05 (1745 turns).

zeram the Sneak (Octopode Brigand)                  Turns: 1745, Time: 00:03:05

Health: 0/29       AC:  1    Str: 10    XL:     4   Next: 25%
Magic:  4/4        EV: 13    Int: 20    God:
Gold:   109        SH:  0    Dex: 13    Spells: 3/3 levels left

rFire    . . .     SeeInvis .   e - +4 dagger
rCold    . . .     Faith    .   (no shield)
rNeg     . . .     Spirit   .   (helmet restricted)
rPois    .         Reflect  .   (no amulet)
rElec    .         Harm     .   d - +6 ring of intelligence
rCorr    .         Rampage  .   (no ring)
Will     .....                  (no ring)
Stlth    +++++.....             (no ring)
HPRegen  0.09/turn              (no ring)
MPRegen  0.09/turn              (no ring)
                                (no ring)
                                (no ring)

@: studying Shields
A: almost no armour, amphibious, 8 rings, camouflage 1, gelatinous body 1,
(nimble swimmer 1), tentacles
a: no special abilities


You were on level 3 of the Dungeon.
You visited 1 branch of the dungeon, and saw 3 of its levels.

You collected 109 gold pieces.

Inventory:

Hand Weapons
 a - a +2 dagger
 e - a +4 dagger (weapon)
Missiles
 b - 13 poisoned darts (quivered)
 c - 2 curare-tipped darts
 g - 9 atropa-tipped darts
Jewellery
 d - a +6 ring of intelligence (left tentacle)
Wands
 f - a wand of polymorph (4)
Scrolls
 i - a scroll of amnesia
Potions
 h - a potion of lignification


   Skills:
 - Level 2.0 Fighting
 - Level 2.0 Short Blades
 - Level 2.0 Throwing
 + Level 1.5 Dodging
 + Level 7.6 Stealth


You had 3 spell levels left.
You didn't know any spells.
Your spell library contained the following spells:

 Spells                   Type           Power      Damage    Failure   Level
 Slow                     Hex            0%         N/A       28%         2
 Confusing Touch          Hex            0%         N/A       50%         3
 Gell's Gravitas          Tloc           0%         N/A       50%         3
 Stone Arrow              Conj/Erth      0%         3d7       50%         3
 Teleport Other           Tloc           0%         N/A       50%         3
 Vampiric Draining        Necr           0%         2d6       50%         3
 Bolt of Magma            Conj/Fire/Erth 0%         4d4       99%         5
 Dispersal                Tloc           0%         N/A       100%        6
 Shatter                  Erth           0%         3d5*      100%        9


Dungeon Overview and Level Annotations

Branches:
Dungeon (3/15)

Altars:

Shops:
D:2 *


Innate Abilities, Weirdness & Mutations

You cannot wear most types of armour.
You are amphibious.
You can wear up to eight rings at the same time.
Your skin changes colour to match your surroundings (Stealth+).
Your rubbery body absorbs attacks. (AC +1, EV +1)
((You are camouflaged near water. (Stealth+)))
You have tentacles for arms and can constrict up to eight enemies at once.


Message History

There is a stone staircase leading up here.
A frilled lizard is nearby!
Unknown command.
You hit the frilled lizard.
You kill the frilled lizard!
No target in view!
Found a scroll of amnesia.
i - a scroll of amnesia
Found a scroll labelled BAECEQ QEEKHLOGH.
j - a scroll labelled BAECEQ QEEKHLOGH An adder comes into view.
An adder is nearby!
An adder is nearby!
This is a scroll of acquirement!
You see here a manual of Shields.
Something appears before you!
You pick up a manual of Shields and begin studying.
The helpless adder fails to defend itself.
You impale the adder!!
You kill the adder!
You see here an adder corpse.
An orc comes into view. It is wielding a +0 whip.
An orc is nearby!
An orc is nearby!
An orc is nearby!
An orc warrior comes into view. It is wielding a +0 long sword.
The orc warrior shouts!
You hear a shout!
An orc wizard comes into view. It is wielding a +0 dagger.
An orc comes into view. It is wielding a +0 dagger.
An orc comes into view. It is wielding a +0 club.
Found 12 gold pieces.
The orc shouts!
The orc wizard gestures wildly while chanting.
The orc wizard flickers and vanishes!
Deactivating autopickup; reactivate with Ctrl-A.
The orc warrior hits you with a +0 long sword!
You barely miss the orc warrior. You grab the orc warrior.
You constrict the orc warrior, but do no damage.
The orc warrior hits you with a +0 long sword!!
Ouch! That really hurt!
You die...

#........$ ........#
.......# ...o..#
.o...## #..... .
#.o#.# ..
#.@#.#####...
#..........# #.#.#
#..........# #.....
#..........##
#.#.#..###............
#...................##
#.#.#####...†########
#.#.#####....#
#.#.#...#....#


You could see an orc warrior and 2 orcs.

Vanquished Creatures
  3 adders
  A dart slug (D:1)
  6 ball pythons (D:1)
  2 bats
  6 endoplasms
  2 giant cockroaches (D:2)
  2 hobgoblins (D:2)
  4 jackals (D:2)
  A kobold (D:1)
  5 frilled lizards
  5 goblins
  2 rats (D:1)
39 creatures vanquished.

Notes
Turn   | Place    | Note
-------+----------+-------------------------------------------
     0 | D:1      | zeram the Octopode Brigand began the quest for the Orb.
     0 | D:1      | Reached XP level 1. HP: 14/14 MP: 1/1
   165 | D:1      | Reached XP level 2. HP: 18/19 MP: 2/2
   210 | D:1      | Reached skill level 6 in Stealth
   707 | D:1      | Reached XP level 3. HP: 24/24 MP: 3/3
  1050 | D:2      | Reached skill level 7 in Stealth
  1070 | D:2      | Found Ysyschiaj's Assorted Antiques.
  1472 | D:2      | Reached XP level 4. HP: 29/29 MP: 4/4
  1730 | D:3      | Identified a scroll of acquirement
  1730 | D:3      | Acquired a manual of Shields
  1741 | D:3      | Noticed an orc warrior
  1745 | D:3      | Slain by an orc warrior

Illustrated notes

Levels and vault maps discovered:
D:1:      minmay_arrival_checkered_box, layout_rooms
D:2:      layout_basic, serial_shops, nicolae_shop_window_shopping
D:3:      layout_basic, makhleb_altar_promises_db,
          shapermc_ecumenical_altar_mp_highgroup, glass_columns_a,
          minmay_vboxes, uniq_terence

Skill      XL: |  1  2  3 |
---------------+----------+-----
Stealth        | 6 7 |  7.6
Fighting       | |  2.0
Short Blades   | |  2.0
Throwing       | |  2.0
Dodging        | |  1.5

Action                   |  1- 3 |  4- 6 || total
-------------------------+-------+-------++-------
Melee: Dagger            |    74 |     6 ||    80
       Constrict         |    17 |     1 ||    18
       Tentacles         |     8 |       ||     8
  Use: Scroll            |     5 |     1 ||     6
 Stab: Sleeping          |     9 |     1 ||    10
Armor: Skin              |     5 |       ||     5
Dodge: Dodged            |    53 |     1 ||    54
